 Dungeon Crawl Stone Soup version 0.28-a0-1199-gef9e1dbd39 (webtiles) character file.

Game seed: 3274660378659974121

639 Gargoyl the Skirmisher (level 7, -2/60 HPs)
             Began as a Gnoll Abyssal Knight on Dec 19, 2021.
             Was a Priest of Lugonu.
             Slain by a kobold (14 damage)
             ... on level 4 of the Dungeon.
             The game lasted 00:04:20 (4321 turns).

Gargoyl the Skirmisher (Gnoll Abyssal Knight)       Turns: 4321, Time: 00:04:20

Health: -2/60      AC: 11    Str: 14    XL:     7   Next: 50%
Magic:  11/11      EV:  8    Int:  9    God:    Lugonu [***...]
Gold:   176        SH:  0    Dex: 19    Spells: 11/11 levels left

rFire   . . .      SeeInvis .   a - +2 hand axe
rCold   . . .      Faith    .   (no shield)
rNeg    . . .      Spirit   .   d - +0 chain mail
rPois   .          Reflect  .   (no helmet)
rElec   .          Harm     .   (no cloak)
rCorr   .          Rampage  .   m - +0 pair of gloves
Will    .....                   (no boots)
Stlth   ..........              (no amulet)
HPRegen 0.20/turn               h - +6 ring of dexterity
MPRegen 0.12/turn               (no ring)

@: no status effects
A: fangs 1, strong nose, distributed training
a: Renounce Religion, Depart the Abyss, Bend Space, Banish


You were on level 4 of the Dungeon.
You worshipped Lugonu.
Lugonu was most pleased with you.
You visited 1 branch of the dungeon, and saw 4 of its levels.
You visited the Abyss 1 time.
You also visited: Ossuary.

You collected 176 gold pieces.

Inventory:

Hand Weapons
 a - a +2 hand axe (weapon)
 c - a +0 war axe
Missiles
 g - 14 poisoned darts (quivered)
Armour
 d - a +0 chain mail (worn)
 m - a +0 pair of gloves (worn)
Jewellery
 h - a +6 ring of dexterity (left hand)
Scrolls
 b - 4 scrolls of identify
 k - 2 scrolls of silence {unknown}
 o - a scroll of summoning
Potions
 e - 2 potions of curing
 f - a potion of resistance {unknown}
 i - 2 potions of brilliance {unknown}
 j - a potion of degeneration {unknown}
 l - a potion of mutation {unknown}
 n - a potion of lignification {unknown}


   Skills:
 + Level 7.0 Fighting
 + Level 2.5 Short Blades
 + Level 2.5 Long Blades
 + Level 5.2 Axes
 + Level 2.5 Maces & Flails
 + Level 2.5 Polearms
 + Level 2.5 Staves
 + Level 2.5 Slings
 + Level 2.5 Bows
 + Level 2.5 Crossbows
 + Level 2.5 Throwing
 + Level 5.2 Armour
 + Level 3.6 Dodging
 + Level 2.5 Stealth
 + Level 2.5 Shields
 + Level 2.5 Unarmed Combat
 + Level 2.5 Spellcasting
 + Level 2.0 Conjurations
 + Level 2.0 Hexes
 + Level 2.0 Summonings
 + Level 2.0 Necromancy
 + Level 2.0 Translocations
 + Level 2.0 Transmutations
 + Level 2.0 Fire Magic
 + Level 2.0 Ice Magic
 + Level 2.0 Air Magic
 + Level 2.0 Earth Magic
 + Level 2.0 Poison Magic
 + Level 5.4 Invocations
 + Level 2.5 Evocations


You had 11 spell levels left.
You didn't know any spells.
Your spell library contained the following spells:

 Spells                   Type           Power      Damage    Failure   Level
 Corpse Rot               Necr/Air       8%         N/A       99%         2
 Conjure Flame            Conj/Fire      4%         6-21      100%        3
 Ignite Poison            Fire/Tmut/Pois 4%         N/A       100%        3
 Animate Armour           Summ/Erth      8%         N/A       100%        4
 Dispel Undead            Necr           4%         3d7       100%        4
 Sticky Flame             Conj/Fire      4%         2d3       100%        4
 Summon Ice Beast         Ice/Summ       4%         N/A       100%        4
 Blade Hands              Tmut           2%         N/A       100%        5
 Summon Mana Viper        Hex/Summ       4%         N/A       100%        5
 Death Channel            Necr           2%         N/A       100%        6
 Iron Shot                Conj/Erth      2%         9d2       100%        6
 Monstrous Menagerie      Summ           2%         N/A       100%        7


Dungeon Overview and Level Annotations

Branches:
Dungeon (4/15)            Ossuary (visited)
 Temple: D:4-7

Altars:
Gozag
Nemelex Xobeh

Annotations:
D:4 2 runed translucent doors


Innate Abilities, Weirdness & Mutations

You have very sharp teeth.
Your uncanny sense of smell can sniff out nearby items.
Your experience applies equally to all skills.


Message History

You hit the kobold but do no damage. The kobold barely misses you.
Unknown command.
You hit the kobold.
The kobold is moderately wounded.
The kobold hits you but does no damage. Space warps around you.
Unknown command.
You hit the kobold but do no damage.
The kobold is moderately wounded.
The kobold closely misses you.
You closely miss the kobold.
The kobold is moderately wounded.
The kobold barely misses you.
Unknown command.
You closely miss the kobold. You bite the kobold, but do no damage.
The kobold is moderately wounded.
The kobold closely misses you.
Unknown command.
You closely miss the kobold.
The kobold is moderately wounded.
The kobold hits you but does no damage.
Unknown command.
You hit the kobold.
The kobold is heavily wounded.
The kobold hits you but does no damage. Space warps horribly around you!
* * * LOW HITPOINT WARNING * * *
Unknown command.
It was a potion of curing.
You feel better. The kobold barely misses you.
You hit the kobold but do no damage.
The kobold is heavily wounded.
The kobold closely misses you.
You closely miss the kobold. You bite the kobold, but do no damage.
The kobold is heavily wounded.
The kobold hits you but does no damage. Space warps horribly around you!
* * * LOW HITPOINT WARNING * * *
You completely miss the kobold.
The kobold is heavily wounded.
The kobold hits you with a +1 whip of distortion.
* * * LOW HITPOINT WARNING * * *
Space warps horribly around you!
You die...

..# ### # .# .#
♣## #.# ##.##..
..#.. # #.#K#.#
######.#@..#
##.........##
#..######.......
##.## ##..####
#..# ..# #..# ∆
....∆ #..# .##++
######..# ## ..8
#.......## ∆ ..


You could see a kobold.

Vanquished Creatures
  Sigmund (D:3)
  An elf zombie (Ossuary)
  2 centaur zombies (Ossuary)
  2 human zombies (Ossuary)
  A hound (D:4)
  2 orc wizards (D:3)
  2 hound zombies (Ossuary)
  3 mummies (Ossuary)
  5 adders
  3 adder zombies (Ossuary)
  2 dart slugs
  7 orcs
  4 ball pythons
  4 endoplasms
  4 giant cockroaches
  6 goblins
  8 hobgoblins
  6 kobolds
  2 quokkas
  4 bats
  A frilled lizard (D:3)
  4 goblin zombies (Ossuary)
  2 hobgoblin zombies (Ossuary)
  6 jackal zombies (Ossuary)
  5 kobold zombies (Ossuary)
  4 orc zombies (Ossuary)
  4 quokka zombies (Ossuary)
  4 rats
99 creatures vanquished.

Vanquished Creatures (collateral kills)
  A kobold (D:3)
1 creature vanquished.

Grand Total: 100 creatures vanquished

Notes
Turn   | Place    | Note
-------+----------+-------------------------------------------
     0 | Abyss:1  | Gargoyl the Gnoll Abyssal Knight began the quest for the
                  | Orb.
     0 | Abyss:1  | Reached XP level 1. HP: 23/23 MP: 3/3
    55 | Abyss:1  | Noticed a flying skull
    64 | D:1      | Escaped the Abyss
   573 | D:1      | Reached XP level 2. HP: 26/29 MP: 5/5
   951 | D:1      | Found a faded altar of an unknown god.
   975 | D:1      | Reached * piety under Lugonu
  1277 | D:2      | Reached XP level 3. HP: 35/35 MP: 6/6
  2129 | D:3      | Reached skill level 1 in Short Blades
  2129 | D:3      | Reached skill level 1 in Long Blades
  2129 | D:3      | Reached skill level 1 in Maces & Flails
  2129 | D:3      | Reached skill level 1 in Polearms
  2129 | D:3      | Reached skill level 1 in Staves
  2129 | D:3      | Reached skill level 1 in Slings
  2129 | D:3      | Reached skill level 1 in Bows
  2129 | D:3      | Reached skill level 1 in Crossbows
  2129 | D:3      | Reached skill level 1 in Throwing
  2129 | D:3      | Reached skill level 1 in Stealth
  2129 | D:3      | Reached skill level 1 in Shields
  2129 | D:3      | Reached skill level 1 in Unarmed Combat
  2129 | D:3      | Reached skill level 1 in Spellcasting
  2129 | D:3      | Reached skill level 1 in Evocations
  2145 | D:3      | Reached XP level 4. HP: 41/41 MP: 7/7
  2216 | D:3      | Noticed Sigmund
  2222 | D:3      | Killed Sigmund
  2223 | D:3      | Reached skill level 1 in Conjurations
  2223 | D:3      | Reached skill level 1 in Hexes
  2223 | D:3      | Reached skill level 1 in Summonings
  2223 | D:3      | Reached skill level 1 in Necromancy
  2223 | D:3      | Reached skill level 1 in Translocations
  2223 | D:3      | Reached skill level 1 in Transmutations
  2223 | D:3      | Reached skill level 1 in Fire Magic
  2223 | D:3      | Reached skill level 1 in Ice Magic
  2223 | D:3      | Reached skill level 1 in Air Magic
  2223 | D:3      | Reached skill level 1 in Earth Magic
  2223 | D:3      | Reached skill level 1 in Poison Magic
  2223 | D:3      | Reached skill level 5 in Invocations
  2223 | D:3      | Reached XP level 5. HP: 38/47 MP: 8/8
  2317 | D:3      | Reached XP level 6. HP: 38/53 MP: 9/9
  2597 | D:3      | Reached skill level 5 in Axes
  2597 | D:3      | Reached skill level 5 in Armour
  2639 | D:3      | Reached ** piety under Lugonu
  3113 | D:4      | Found a sand-covered staircase.
  3225 | Ossuary  | Entered an ossuary
  3563 | Ossuary  | Reached XP level 7. HP: 51/59 MP: 10/10
  3672 | Ossuary  | Reached skill level 7 in Fighting
  4113 | D:4      | Found a sparkling altar of Nemelex Xobeh.
  4180 | D:4      | Found an opulent altar of Gozag.
  4202 | D:4      | Reached *** piety under Lugonu
  4304 | D:4      | Found a large runed translucent door.
  4304 | D:4      | Found a large runed translucent door.
  4321 | D:4      | Slain by a kobold

Illustrated notes

Levels and vault maps discovered:
D:1:      kennysheep_arrival_seaside, layout_basic,
          shapermc_ecumenical_altar_pompeii, lemuel_another_geyser
D:2:      layout_basic
D:3:      layout_rooms, uniq_sigmund
D:4:      layout_loops_ring, kennysheep_mini_moat, nemelex_diamond_rough_becter,
          fedhas_altar_4, lemuel_zombie_altar_yredelemnul,
          nicolae_ossuary_entry_monument, minmay_hollow_rounded_squares

Skill      XL: |  1  2  3  4  5  6  7 |
---------------+----------------------+-----
Short Blades   | 1 2 |  2.5
Long Blades    | 1 2 |  2.5
Maces & Flails | 1 2 |  2.5
Polearms       | 1 2 |  2.5
Staves         | 1 2 |  2.5
Slings         | 1 2 |  2.5
Bows           | 1 2 |  2.5
Crossbows      | 1 2 |  2.5
Throwing       | 1 2 |  2.5
Stealth        | 1 2 |  2.5
Shields        | 1 2 |  2.5
Unarmed Combat | 1 2 |  2.5
Spellcasting   | 1 2 |  2.5
Evocations     | 1 2 |  2.5
Dodging        | 3 |  3.6
Conjurations   | 1 2 |  2.0
Hexes          | 1 2 |  2.0
Summonings     | 1 2 |  2.0
Necromancy     | 1 2 |  2.0
Translocations | 1 2 |  2.0
Transmutations | 1 2 |  2.0
Fire Magic     | 1 2 |  2.0
Ice Magic      | 1 2 |  2.0
Air Magic      | 1 2 |  2.0
Earth Magic    | 1 2 |  2.0
Poison Magic   | 1 2 |  2.0
Invocations    | 5 |  5.4
Axes           | 5 |  5.2
Armour         | 5 |  5.2
Fighting       | 7 |  7.0

Action                   |  1- 3 |  4- 6 |  7- 9 || total
-------------------------+-------+-------+-------++-------
Melee: Hand axe          |   105 |   132 |   126 ||   363
       Bite              |     8 |    12 |    20 ||    40
       Punch             |       |       |     1 ||     1
Invok: Depart the Abyss  |     1 |       |       ||     1
  Use: Scroll            |     3 |     2 |       ||     5
       Potion            |       |     1 |     1 ||     2
Armor: Chain mail        |   104 |   118 |    51 ||   273
Dodge: Dodged            |    62 |    61 |    42 ||   165

Table legend: (Time is in decaauts)
 A = Elapsed time spent in this place.
 B = Non-inter-level travel time spent in this place.
 C = Inter-level travel time spent in this place.
 D = Time resting spent in this place.
 E = Time spent auto-exploring this place.
 F = Levels seen in this place.
 G = Mean time per level.
                   A        B        C        D        E       F      G
               +--------+--------+--------+--------+--------+-----+--------+
         Total |   4341 |   4258 |     83 |    267 |   3096 |   6 |  723.5 |
       Dungeon |   3420 |   3337 |     83 |      0 |   2718 |   4 |  855.0 |
         Abyss |     64 |     64 |      0 |      0 |     27 |   1 |   64.0 |
       Ossuary |    856 |    856 |      0 |    267 |    351 |   1 |  856.0 |
               +--------+--------+--------+--------+--------+-----+--------+

Top non-repeatable levels by time:
     D:1: 1167 daAuts
     D:3: 862 daAuts
 Ossuary: 856 daAuts
     D:2: 844 daAuts
     D:4: 547 daAuts
 Abyss:1: 64 daAuts
